 Dungeon Crawl Stone Soup version 0.29.1-15-g9cfb28693d (webtiles) character file.

Game seed: 6824201364258433909

9251 BeingJoeMalik the Basher (level 11, -2/58 HPs)
             Began as a Vine Stalker Fighter on Mar 1, 2023.
             Was an Initiate of Hepliaklqana.
             Slain by a two-headed ogre
             ... wielding a +0 giant club
              (10 damage)
             ... on level 10 of the Dungeon.
             The game lasted 00:27:10 (9564 turns).

BeingJoeMalik the Basher (Vine Stalker Fighter)     Turns: 9564, Time: 00:27:11

Health: -2/58      AC:  6    Str: 19    XL:     11   Next: 43%
Magic:  0/29       EV: 10    Int: 10    God:    Hepliaklqana [......]
Gold:   1165       SH:  6    Dex: 16    Spells: 20/21 levels left

rFire   . . .      SeeInvis .   a - +1 flail (venom)
rCold   . . .      Faith    .   c - +1 buckler
rNeg    . . .      Spirit   +   H - +0 troll leather armour
rPois   .          Reflect  .   (no helmet)
rElec   .          Harm     .   g - +0 cloak
rCorr   .          Rampage  .   (no gloves)
Will    +....                   y - +0 pair of boots
Stlth   +.........              (no amulet)
HPRegen 1.79/turn               q - +4 ring of slaying
MPRegen 0.21/turn               s - ring of magical power

@: no status effects
A: fangs 3, regeneration 1, magic shield, antimagic bite, no potion heal 2
a: Renounce Religion


You were on level 10 of the Dungeon.
You worshipped Hepliaklqana.
Hepliaklqana was noncommittal.
You visited 2 branches of the dungeon, and saw 11 of its levels.
You also visited: Sewer.

You collected 1165 gold pieces.

Inventory:

Hand Weapons
 a - a +1 flail of venom (weapon)
 G - a +2 flail of holy wrath
Missiles
 h - a throwing net
 l - 13 poisoned darts (quivered)
 w - 2 curare-tipped darts
Armour
 b - a +0 scale mail
 c - a +1 buckler (worn)
 g - a +0 cloak (worn)
 x - +0 swamp dragon scales
 y - a +0 pair of boots (worn)
 H - a +0 troll leather armour (worn)
Jewellery
 q - a +4 ring of slaying (left hand)
 s - a ring of magical power (right hand)
 z - a ring of positive energy
 E - a +6 ring of strength
Wands
 d - a wand of roots (8)
 D - a wand of polymorph (1)
Scrolls
 e - a scroll of enchant armour
 f - a scroll of fear
 i - a scroll of summoning
 j - 5 scrolls of teleportation
 k - a scroll of identify
 n - 2 scrolls of magic mapping
 u - a scroll of brand weapon
 C - a scroll of enchant weapon
Potions
 m - a potion of brilliance
 o - 6 potions of flight
 p - 4 potions of curing
 r - 2 potions of ambrosia
 t - 4 potions of lignification
 v - 2 potions of might
 A - a potion of magic
 B - a potion of mutation
 F - a potion of berserk rage {unknown}


   Skills:
 + Level 7.1 Fighting
 + Level 13.7 Maces & Flails
 - Level 2.4 Armour
 - Level 2.6 Shields
 * Level 5.7 Spellcasting


You had 20 spell levels left.
You knew the following spells:

 Your Spells              Type           Power      Damage    Failure   Level
a - Summon Small Mammal   Summ           8%         N/A       32%         1

Your spell library contained the following spells:

 Spells                   Type           Power      Damage    Failure   Level
 Freeze                   Ice            8%         1d3       32%         1
 Static Discharge         Conj/Air       2%         3-4/arc   45%         2
 Frozen Ramparts          Ice            4%         1d1       69%         3
 Inner Flame              Hex/Fire       2%         N/A       69%         3
 Ozocubu's Armour         Ice            2%         N/A       69%         3
 Stone Arrow              Conj/Erth      4%         3d7       69%         3
 Summon Guardian Golem    Hex/Summ       2%         N/A       69%         3
 Cause Fear               Hex            1%         N/A       97%         4
 Dispel Undead            Necr           2%         3d7       97%         4
 Hailstorm                Conj/Ice       2%         3d3       97%         4
 Sticky Flame             Conj/Fire      2%         2d3       97%         4
 Summon Forest            Summ/Tloc      1%         N/A       100%        5
 Ozocubu's Refrigeration  Ice            1%         4d7       100%        7
 Discord                  Hex            1%         N/A       100%        8


Dungeon Overview and Level Annotations

Branches:
Dungeon (10/15)            Temple (1/1) D:7            Lair (0/5) D:10
  Sewer (visited)
    Orc: D:9-12

Altars:
Ashenzari
Cheibriados
Dithmenos
Elyvilon
Fedhas
Gozag
Hepliaklqana
Kikubaaqudgha
Makhleb
Nemelex Xobeh
Okawaru
Qazlal
Ru
Sif Muna
Trog
Uskayaw
Vehumet
Wu Jian
Xom
Yredelemnul
Zin
The Shining One

Shops:
D:6 (

Annotations:
D:7 4 runed translucent doors, Crazy Yiuf; bnorton916's ghost, novice DEFE; jtron's ghost, novice TrMo


Innate Abilities, Weirdness & Mutations

You have razor-sharp teeth.
Your natural rate of healing is unusually fast.
When hurt, damage is shared between your health and your magic reserves.
Your bite disrupts and absorbs the magic of your enemies.
Potions cannot restore your health.


Message History

Throw: 15 darts (poison)
Press: ? - help, Q - select action, (/) - cycle Shift-Dir - straight line, f/p - two-headed ogre
Aim: a two-headed ogre, wielding two +0 giant clubs (lightly wounded, poisoned, 79% to hit)
You throw a poisoned dart.
The poisoned dart hits the two-headed ogre.
The two-headed ogre looks even sicker.
The two-headed ogre is lightly wounded.
Throw: 14 darts (poison)
Press: ? - help, Q - select action, (/) - cycle Shift-Dir - straight line, f/p - two-headed ogre
Aim: a two-headed ogre, wielding two +0 giant clubs (lightly wounded, very poisoned, 79% to hit)
You throw a poisoned dart.
The poisoned dart hits the two-headed ogre.
The two-headed ogre is lightly wounded.
You barely miss the two-headed ogre. You bite the two-headed ogre!
You drain its power.
The two-headed ogre is lightly wounded.
You barely miss the two-headed ogre.
You bite the two-headed ogre, but do no damage.
The two-headed ogre is lightly wounded.
The two-headed ogre hits you with a +0 giant club!!
You block the two-headed ogre's attack.
You hit the two-headed ogre. You bite the two-headed ogre. You drain its power.
You feel invigorated.
The two-headed ogre is moderately wounded.
You hit the two-headed ogre.
The two-headed ogre looks as sick as possible!
The two-headed ogre is moderately wounded.
You block the two-headed ogre's attack. x2
You bludgeon the two-headed ogre!! You bite the two-headed ogre.
You drain its power.
You feel invigorated.
The two-headed ogre is severely wounded.
You closely miss the two-headed ogre.
The two-headed ogre is almost dead.
The two-headed ogre hits you with a +0 giant club!
The two-headed ogre hits you with a +0 giant club!!
The two-headed ogre attacks as you move away!
The two-headed ogre hits you with a +0 giant club!!
* * * LOW HITPOINT WARNING * * *
The two-headed ogre hits you with a +0 giant club!
You die...

#
#.........###..##.##.#
####
###.#................#
# ...#.##...###....# #
#...##.##...# #.##.# #
..... #.###..###....#
## ###...
#.......))#####
######. ##.#
#######.### #...... ..
#...# ####.#####
.#######..@#
#.......##
..........O#
#.##.##.##
..#######.(# #.##.##.#
##..# #.##.##.## ##.(#
#.##.##.## #...
#.##.##.##
(....#.........
.....###..###.#
###.###.## #.#


You could see a two-headed ogre (extremely poisoned).

Vanquished Creatures
  A two-headed ogre (D:9)
  A skeletal warrior (D:10)
  Lodul (D:10)
  An ugly thing (D:10)
  An unseen horror (D:10)
  Maggie (D:7)
  3 trolls
  A hornet (D:9)
  Grinder (D:5)
  8 yaks (D:9)
  3 wyverns
  Eustachio (D:4)
  A steam dragon (D:7)
  Menkaure (D:6)
  An acid dragon (D:8)
  2 ice beasts
  An orc warrior (D:7)
  8 ogres
  3 centaurs
  A phantom (D:5)
  4 kobold brigands
  A bullfrog (D:6)
  A necrophage (D:7)
  2 gnoll sergeants (D:9)
  3 scorpions
  5 wights (D:10)
  8 killer bees (D:8)
  4 howler monkeys
  3 hounds
  A gnoll bouda (D:6)
  3 orc priests
  2 iguanas
  7 orc wizards
  11 adders
  14 gnolls
  8 river rats
  2 white imps
  An ufetubus (D:6)
  7 worms
  16 orcs
  17 ball pythons
  7 endoplasms
  6 giant cockroaches
  5 hobgoblins
  A jackal (Sewer)
  22 kobolds
  4 quokkas
  10 bats
  3 frilled lizards
  2 goblins (D:2)
  6 rats
227 creatures vanquished.

Vanquished Creatures (others)
  A plant (D:6)
1 creature vanquished.

Grand Total: 228 creatures vanquished

Notes
Turn   | Place    | Note
-------+----------+-------------------------------------------
     0 | D:1      | BeingJoeMalik the Vine Stalker Fighter began the quest for
                  | the Orb.
     0 | D:1      | Reached XP level 1. HP: 11/11 MP: 2/2
    10 | D:1      | Reached skill level 2 in Maces & Flails
   352 | D:1      | Reached XP level 2. HP: 16/16 MP: 3/3
   919 | D:2      | Reached skill level 3 in Maces & Flails
   919 | D:2      | Reached XP level 3. HP: 14/19 MP: 2/4
  1232 | D:2      | Found a faded altar of an unknown god.
  1479 | D:2      | Gained mutation: Your natural rate of healing is unusually
                  | fast. [Vine Stalker growth]
  1479 | D:2      | Reached XP level 4. HP: 18/23 MP: 5/5
  1673 | D:3      | Reached skill level 4 in Maces & Flails
  1697 | D:3      | Found a glowing drain.
  1701 | Sewer    | Entered a sewer
  1834 | Sewer    | Reached XP level 5. HP: 27/27 MP: 6/6
  1977 | Sewer    | Reached skill level 5 in Maces & Flails
  2886 | D:3      | Found a shadowy altar of Dithmenos.
  2886 | D:3      | Found a radiant altar of Vehumet.
  2887 | D:3      | Found a snail-covered altar of Cheibriados.
  3417 | D:3      | Reached XP level 6. HP: 32/32 MP: 7/7
  3631 | D:4      | Reached skill level 6 in Maces & Flails
  3662 | D:4      | Noticed Eustachio
  3698 | D:4      | Killed Eustachio
  3699 | D:4      | Reached XP level 7. HP: 14/35 MP: 6/8
  3835 | D:4      | Found a blossoming altar of Fedhas.
  3971 | D:4      | Found a stormy altar of Qazlal.
  4327 | D:5      | Entered Level 5 of the Dungeon
  4386 | D:5      | Reached skill level 7 in Maces & Flails
  4482 | D:5      | Found an ancient bone altar of Kikubaaqudgha.
  4535 | D:5      | Found a broken altar of Ashenzari.
  4698 | D:5      | Reached skill level 8 in Maces & Flails
  4851 | D:5      | Found an opulent altar of Gozag.
  4854 | D:5      | Noticed Grinder
  4859 | D:5      | Killed Grinder
  4860 | D:5      | Gained mutation: You have razor-sharp teeth. [Vine Stalker
                  | growth]
  4860 | D:5      | Reached XP level 8. HP: 39/39 MP: 9/9
  4904 | D:5      | Found a sacrificial altar of Ru.
  5129 | D:6      | Noticed Menkaure
  5131 | D:6      | Reached skill level 9 in Maces & Flails
  5210 | D:6      | Killed Menkaure
  5374 | D:6      | Found Rikhliwn's Hydra Hut.
  5402 | D:6      | Noticed a five-headed hydra
  5516 | D:6      | Found a white marble altar of Elyvilon.
  5522 | D:6      | Reached skill level 10 in Maces & Flails
  5555 | D:6      | Reached XP level 9. HP: 44/44 MP: 10/10
  6005 | D:7      | Found a staircase to the Ecumenical Temple.
  6014 | Temple   | Entered the Ecumenical Temple
  6156 | D:7      | Got Zigaom's Directory of Geological Allies
  6159 | D:7      | Learned a level 1 spell: Summon Small Mammal
  6175 | D:7      | Identified the +4 trident "Duoting" {freeze, Str+3}
  6400 | D:7      | Reached skill level 1 in Spellcasting
  6487 | D:7      | Noticed Maggie
  6498 | D:7      | Killed Maggie
  6501 | D:7      | Found a runed translucent gate.
  6501 | D:7      | Found a runed translucent gate.
  6718 | D:7      | Found a hide-covered altar of Uskayaw.
  6729 | D:7      | Reached skill level 11 in Maces & Flails
  6803 | D:7      | Found a runed translucent gate.
  7121 | D:7      | Found a runed translucent door.
  7122 | D:7      | Noticed Crazy Yiuf
  7166 | D:7      | Noticed jtron's ghost (novice TrMo)
  7166 | D:7      | Noticed bnorton916's ghost (novice DEFE)
  7468 | D:8      | Reached XP level 10. HP: 51/51 MP: 15/15
  7777 | D:8      | Found an iron altar of Okawaru.
  7964 | D:9      | Reached skill level 5 in Fighting
  7970 | D:9      | Reached skill level 12 in Maces & Flails
  8084 | D:9      | Noticed a two-headed ogre
  8097 | D:9      | Killed a two-headed ogre
  8234 | D:9      | Found a hazy altar of Hepliaklqana.
  8235 | D:9      | Found a shimmering altar of Xom.
  8236 | D:9      | Noticed a spectral ugly thing
  8236 | D:9      | Noticed a thorn hunter
  8239 | D:9      | Became a worshipper of Hepliaklqana the Forgotten
  8664 | D:9      | Reached skill level 13 in Maces & Flails
  8781 | D:10     | Entered Level 10 of the Dungeon
  8840 | D:10     | Reached XP level 11. HP: 42/55 MP: 18/19
  8842 | D:10     | Reached skill level 5 in Spellcasting
  8899 | D:10     | Found a staircase to the Lair.
  8904 | D:10     | Noticed a skeletal warrior
  8937 | D:10     | Killed a skeletal warrior
  9044 | D:10     | Identified the +8 short sword "Trog's Scorn" {protect,
                  | rPois rCorr Dex-4 SInv}
  9048 | D:10     | Noticed a purple ugly thing
  9063 | D:10     | Killed a purple ugly thing
  9431 | D:10     | Found a bloodstained altar of Trog.
  9470 | D:10     | Noticed a two-headed ogre
  9507 | D:10     | Noticed Lodul
  9527 | D:10     | Killed Lodul
  9564 | D:10     | Slain by a two-headed ogre

Illustrated notes

Levels and vault maps discovered:
D:1:      dpeg_arrival_prison, layout_basic
D:2:      layout_basic, shapermc_ecumenical_altar_starsandcircs
D:3:      layout_basic, gammafunk_temple_overflow_claw, gup_sewer_entry_bowl,
          minmay_misc_feat_hallway
D:4:      layout_loops_ring, amcnicky_altar_gilded, overflow_temple_1_default,
          nrook_mini_vaults, uniq_eustachio
D:5:      layout_basic, overflow_temple_1_default, kiku_gazebo_garden_becter,
          lemuel_coloured_pillars_altar, mainiacjoe_overflow_alcove_2,
          uniq_grinder
D:6:      layout_basic, elyvilon_altar_5, doesnt_shop_hydraphobe, uniq_menkaure
D:7:      layout_layer_cave, nicolae_uskayaw_dance_studio,
          minmay_temple_entry_water_ring, gammafunk_ghost_cemetery,
          uniq_crazy_yiuf_cottage, uniq_maggie
D:8:      nicolae_BIG_FREAKIN_CUBE, layout_basic, marbit_many_paths
D:9:      layout_roguey, regret_index_temple_of_mockery
D:10:     minmay_the_grid_octo_triangle [minmay_the_grid_octo_focus,
          minmay_the_grid_octo_prize_star, minmay_the_grid_octo_77],
          layout_loops_cross, mainiacjoe_overflow_chevrons, lair_entry_dummy,
          grunt_decor_junction, dk_rats_in_the_wall, uniq_urug, uniq_lodul
Temple:   nicolae_temple_little_seven

Skill      XL: |  1  2  3  4  5  6  7  8  9 10 11 |
---------------+----------------------------------+-----
Maces & Flails | 2 3 4 5 6 8 10 11 13 | 13.7
Fighting       | 3 4 6 7 |  7.1
Spellcasting   | 3 4 5 |  5.7
Armour         | |  2.4
Shields        | |  2.6

Action                   |  1- 3 |  4- 6 |  7- 9 | 10-12 || total
-------------------------+-------+-------+-------+-------++-------
Melee: Flail             |    79 |   192 |   197 |   172 ||   640
       Bite              |    21 |    36 |    59 |    71 ||   187
Throw: Dart              |       |       |    10 |    13 ||    23
  Use: Scroll            |       |    12 |     4 |     2 ||    18
       Potion            |       |     1 |     1 |       ||     2
Armor: Scale mail        |    30 |    88 |    41 |       ||   159
       Swamp dragon scal |       |       |    10 |    29 ||    39
       Troll leather arm |       |       |       |    20 ||    20
Dodge: Dodged            |    21 |    89 |    69 |    55 ||   234
Block: Buckler           |    17 |    56 |    49 |    35 ||   157
